[Event "Kurnosov Memorial Rapid 2020"]
[Site "Chelyabinsk"]
[Date "2020.09.05"]
[Round "6.12"]
[White "Kryakvin, Dmitry"]
[Black "Paravyan, David"]
[Result "0-1"]
[ECO "D85"]
[WhiteElo "2594"]
[BlackElo "2653"]
[Annotator "RC"]
[PlyCount "88"]
[EventDate "2020.09.04"]
[EventType "swiss"]
[EventCountry "RUS"]
[SourceTitle "playchess.com"]
[Source "ChessBase"]
[SourceQuality "1"]
[TimeControl "900+10"]

1. d4 Nf6 2. c4 g6 3. Nc3 d5 4. cxd5 Nxd5 5. Bd2 Bg7 6. e4 Nb6 7. Be3 O-O 8. Be2 Nc6 9. d5 Ne5 10. Bd4 c5 11. Bxc5 Nec4 12. Qb3 Nxb2 13. Rc1 Bxc3+ 14. Qxc3 N2a4 15. Qd4 Nxc5 16. Rxc5 e5 17. Qb4 f5 18. exf5 Bxf5 19. Nf3 Qd6 20. Rb5 Qxb4+ 21. Rxb4 Rfd8 22. Rb5 Rac8 23. O-O Rc2 24. Re1 Rxd5 25. Rxd5 Nxd5 26. Nxe5 Kg7 27. Bc4 Nc3 28. Bb3 Rb2 29. Nc4 Rb1 30. Rxb1 Bxb1 31. a4 Ne2+ 32. Kh1 Be4 33. Nd6 Bc6 34. a5 Kf6 35. a6 bxa6 36. Bc4 Nf4 37. f3 a5 38. Nc8 a4 39. Nxa7 Bd5 40. Bxd5 Nxd5 41. Nb5 Ne3 42. Kg1 Nc2 43. Kf2 a3 44. Nc3 Nb4 0-1

[Event "Kurnosov Memorial Rapid 2020"]
[Site "Chelyabinsk"]
[Date "2020.09.05"]
[Round "8.2"]
[White "Rakhmanov, Aleksandr"]
[Black "Savchenko, Boris"]
[Result "1/2-1/2"]
[ECO "D90"]
[WhiteElo "2645"]
[BlackElo "2564"]
[Annotator "RC"]
[PlyCount "79"]
[EventDate "2020.09.04"]
[EventType "swiss"]
[EventCountry "RUS"]
[SourceTitle "playchess.com"]
[Source "ChessBase"]
[SourceQuality "1"]
[TimeControl "900+10"]

1. d4 Nf6 2. c4 g6 3. Nc3 d5 4. Nf3 Bg7 5. cxd5 Nxd5 6. Qa4+ Nc6 7. e4 Nb6 8. Qc2 Nxd4 9. Nxd4 Bxd4 10. Bh6 f6 11. Rd1 c5 12. Nb5 Be6 13. b3 g5 14. h4 Rg8 15. hxg5 fxg5 16. Be2 Qd7 17. Nxd4 cxd4 18. Qc5 Rc8 19. Qe5 Qd6 20. Qxd6 exd6 21. Rxd4 Rc1+ 22. Bd1 Rg6 23. f4 gxf4 24. Bxf4 Ra1 25. O-O Rxa2 26. Bh5 Raxg2+ 27. Kh1 d5 28. Re1 Kd7 29. Bxg6 Rxg6 30. Rc1 Rg4 31. Be5 Rxe4 32. Rc7+ Ke8 33. Rxe4 dxe4 34. Rxb7 e3 35. Kg1 Bxb3 36. Rxa7 Bc2 37. Bd4 Nd5 38. Ra1 Kf7 39. Re1 Bf5 40. Rxe3 1/2-1/2

[Event "Kurnosov Memorial Rapid 2020"]
[Site "Chelyabinsk"]
[Date "2020.09.06"]
[Round "11.2"]
[White "Faizrakhmanov, Ramil"]
[Black "Rakhmanov, Aleksandr"]
[Result "0-1"]
[ECO "A53"]
[WhiteElo "2451"]
[BlackElo "2645"]
[Annotator "RC"]
[PlyCount "104"]
[EventDate "2020.09.04"]
[EventType "swiss"]
[EventCountry "RUS"]
[SourceTitle "playchess.com"]
[Source "ChessBase"]
[SourceQuality "1"]
[TimeControl "900+10"]

1. d4 Nf6 2. c4 d6 3. Nf3 g6 4. Nc3 Bf5 5. e3 Bg7 6. Bd3 Bxd3 7. Qxd3 O-O 8. O-O Nbd7 9. b3 e5 10. Bb2 Re8 11. dxe5 dxe5 12. Rfd1 c6 13. Ne4 Nxe4 14. Qxe4 Qe7 15. Rd2 Nc5 16. Qc2 e4 17. Ne1 Bxb2 18. Qxb2 a5 19. Rad1 Qe5 20. Qxe5 Rxe5 21. h4 Kf8 22. Kf1 Ke8 23. Ke2 h6 24. g3 Rc8 25. Ng2 g5 26. Rd6 Re6 27. R6d4 Re5 28. Rd6 Ne6 29. R6d2 Rd8 30. Rxd8+ Nxd8 31. hxg5 hxg5 32. g4 Ne6 33. Ne1 Rc5 34. Rd2 f5 35. gxf5 Rxf5 36. Nc2 Nc5 37. Nd4 Rf6 38. Rd1 g4 39. Nc2 Nd3 40. Rf1 Rh6 41. Nd4 Rf6 42. Nc2 Kf7 43. a3 c5 44. Ne1 Nc1+ 45. Kd2 Nxb3+ 46. Kc2 a4 47. Ng2 Na5 48. Kc3 Rb6 49. Nf4 Rb3+ 50. Kc2 Nxc4 51. Nd5 Nxa3+ 52. Kd2 Rb2+ 0-1